 Dungeon Crawl Stone Soup version 0.32-a0-841-g4648e6c457 (webtiles) character file.

Game seed: 13874534272429422453

23 ragingrage the Sneak (level 2, -2/24 HPs)
             Began as a Merfolk Delver on Mar 26, 2024.
             Succumbed to an adder's poison
             ... on level 3 of the Dungeon.
             The game lasted 00:00:58 (368 turns).

ragingrage the Sneak (Merfolk Delver)                Turns: 368, Time: 00:00:58

Health: -2/24      AC:  3    Str: 12    XL:     2   Next: 95%
Magic:  2/2        EV: 11    Int:  9    God:
Gold:   10         SH:  0    Dex: 15    Spells: 1/1 levels left

rFire   . . .        f - +0 long sword
rCold   . . .        (no shield)
rNeg    . . .        b - +0 leather armour
rPois   .            (no helmet)
rElec   .            (no cloak)
rCorr   .            (no gloves)
SInv    .            (no boots)
Will    .....        (no amulet)
Stlth   +++          (no ring)
HPRegen 0.24/turn    (no ring)
MPRegen 0.08/turn

%: no passive effects
@: lethally poisoned (-2 -> -9), attractive
A: (nimble swimmer 2), mertail
a: no special abilities


You were on level 3 of the Dungeon.
You visited 1 branch of the dungeon, and saw 3 of its levels.

You collected 10 gold pieces.

Inventory:

Hand Weapons
 a - a +0 short sword
 f - a +0 long sword (weapon)
Armour
 b - a +0 leather armour (worn)
 h - a +0 ring mail
Talismans
 k - a maw talisman
Wands
 g - a wand of digging (3)
Scrolls
 c - 2 scrolls of fog
 d - a scroll of revelation
 e - a scroll of fear
 i - 2 scrolls of vulnerability {unknown}
 l - a scroll of teleportation {unknown}


   Skills:
 - Level 3.2 Fighting
 + Level 3.5 Short Blades
 - Level 2.6 Dodging
 - Level 5.4 Stealth
 + Level 1.6 Shapeshifting


You had one spell level left.
You didn't know any spells.
Your spell library contained the following spells:

 Spells                   Type           Power      Damage    Failure   Level
 Apportation              Tloc           0%         N/A       45%         1
 Necrotise                Necr           0%         1d4       45%         1
 Sting                    Conj/Alch      0%         1d3       45%         1
 Summon Small Mammal      Summ           0%         N/A       45%         1


Dungeon Overview and Level Annotations

Branches:
Dungeon (5/15)
 Temple: D:4-7

Altars:

Portals:
Sewer: D:5


Innate Abilities, Weirdness & Mutations

((You are very nimble when in or above water. (Stealth+, EV+, Speed+++)))
Your lower body shifts to a powerful aquatic tail in water.


Message History

You hit the endoplasm. The endoplasm closely misses you.
You slash the endoplasm!
You kill the endoplasm!
Your extra speed is starting to run out.
A hobgoblin comes into view.
The hobgoblin shouts!
The goblin shouts!
An adder comes into view.
The adder hisses angrily.
You hit the goblin.
You kill the goblin!
You feel yourself slow down.
You slash the hobgoblin!
You kill the hobgoblin!
You see here 13 gold pieces.
There is a stone staircase leading down here.
You closely miss the adder. The adder misses you. x2
You barely miss the adder. The adder closely misses you.
You closely miss the adder. The adder bites you. The adder barely misses you.
You hit the adder. The adder closely misses you.
The adder bites you but does no damage.
You barely miss the adder. The adder bites you.
You closely miss the adder. The adder bites you. x2
You are poisoned.
The adder poisons you!
It was a potion of attraction.
You feel attractive to monsters.
You feel sick. The adder bites you but does no damage.
You closely miss the adder.
You feel sick. The adder bites you.
* * * LOW HITPOINT WARNING * * *
You are more poisoned.
The adder poisons you! The adder bites you.
* * * LOW HITPOINT WARNING * * *
You closely miss the adder.
* * * LOW HITPOINT WARNING * * *
You feel sick. The adder bites you but does no damage. The adder bites you.
* * * LOW HITPOINT WARNING * * *
You are more poisoned.
The adder poisons you!
You completely miss the adder.
You die...

.................#
.................#.#
.................#.#
.................#.#
.................#.#
...................#
...................#
............)......#
....)..........S@..#
......†..........###
.................#
.................#
...................
.................#..
.................####
.................#


You could see an adder.

Vanquished Creatures
  An adder (D:3)
  3 endoplasms (D:3)
  A giant cockroach (D:3)
  2 goblins (D:3)
  A hobgoblin (D:3)
  A ball python (D:5)
  4 rats
13 creatures vanquished.

Notes
Turn   | Place    | Note
-------+----------+-------------------------------------------
     0 | D:5      | ragingrage the Merfolk Delver began the quest for the Orb.
     0 | D:5      | Reached XP level 1. HP: 18/18 MP: 1/1
    31 | D:5      | Noticed a hound
    42 | D:5      | Found a glowing drain.
   300 | D:3      | Reached skill level 1 in Shapeshifting
   300 | D:3      | Reached XP level 2. HP: 16/24 MP: 2/2
   367 | D:3      | HP: 1/24 [adder (2)]
   368 | D:3      | Succumbed to an adder's poison

Illustrated notes

Levels and vault maps discovered:
D:3:      minmay_door_path, layout_basic, grunt_ministairs_11
D:4:      layout_rooms, lexackson_kobold_supper
D:5:      layout_layer_cave, minmay_temple_entry_water_ring,
          portal_sewer_entry_a, serial_shops, nicolae_shop_behind_doors,
          minmay_manual_mail

Skill      XL: |  1 |
---------------+----+-----
Short Blades   | 3 |  3.5
Shapeshifting  | 1 |  1.6
Fighting       | |  3.2
Dodging        | |  2.6
Stealth        | |  5.4

Action                     || total
---------------------------++-------
  Melee: Short sword       ||    46
         Long sword        ||    13
    Use: Potion            ||     2
 Armour: Leather armour    ||    21
  Dodge: Dodged            ||    25

Table legend: (Time is in decaauts)
 A = Elapsed time spent in this place.
 B = Non-inter-level travel time spent in this place.
 C = Inter-level travel time spent in this place.
 D = Time resting spent in this place.
 E = Time spent auto-exploring this place.
 F = Levels seen in this place.
 G = Mean time per level.
                   A        B        C        D        E       F      G
               +--------+--------+--------+--------+--------+-----+--------+
         Total |    346 |    346 |      0 |      0 |    178 |   3 |  115.3 |
       Dungeon |    346 |    346 |      0 |      0 |    178 |   3 |  115.3 |
               +--------+--------+--------+--------+--------+-----+--------+

Top non-repeatable levels by time:
     D:3: 270 daAuts
     D:5: 64 daAuts
     D:4: 11 daAuts
